 Dungeon Crawl Stone Soup version 0.22.1-1-ga44c0e5 (webtiles) character file.

29 Anon1729 the Charmwright (level 3, -1/32 HPs)
             Began as a Naga Skald on Oct 13, 2018.
             Slain by a rat (3 damage)
             ... on level 1 of the Dungeon.
             The game lasted 00:01:17 (857 turns).

Anon1729 the Charmwright (Naga Skald)                Turns: 857, Time: 00:01:19

Health: -1/32      AC:  2    Str: 13    XL:     3   Next: 16%
Magic:  6/6        EV:  9    Int: 13    God:
Gold:   28         SH:  0    Dex: 11    Spells: 5/6 levels left

rFire    . . .     SeeInvis +   a - +0 hand axe
rCold    . . .     Gourm    .   (no shield)
rNeg     . . .     Faith    .   b - +0 leather armour
rPois    +         Spirit   .   (no helmet)
rElec    .         Reflect  .   (no cloak)
rCorr    .         Harm     .   (no gloves)
MR       .....                  (no barding)
Stlth    +.........             (no amulet)
HPRegen  0.10/turn              (no ring)
MPRegen  0.10/turn              (no ring)

@: very slow
A: large, see invisible, deformed body, poison resistance, slowness 2, slow
metabolism 1, spit poison 1, AC +1
a: Spit Poison


You were on level 1 of the Dungeon.
You were not hungry.

You visited 1 branch of the dungeon, and saw 1 of its levels.

You collected 28 gold pieces.

Inventory:

Hand Weapons
 a - a +0 hand axe (weapon)
Armour
 b - a +0 leather armour (worn)
Jewellery
 c - an uncursed ring of protection from magic {unknown}
Scrolls
 f - a scroll of identify {unknown}
 g - a scroll of teleportation {unknown}
 j - a scroll of magic mapping {unknown}
Potions
 e - a potion of might {unknown}
 h - a potion of cancellation {unknown}
 k - 2 potions of haste {unknown}
 l - a potion of lignification {unknown}
 m - a potion of magic {unknown}
Comestibles
 d - a ration
 i - 2 chunks of flesh


   Skills:
 + Level 2.1 Fighting
 * Level 2.6 Axes
 + Level 1.1 Armour
 + Level 1.8 Dodging
 + Level 2.1 Spellcasting
 + Level 3.1 Charms


You had 5 spell levels left.
You knew the following spells:

 Your Spells              Type           Power        Failure   Level  Hunger
a - Infusion              Chrm           #...         9%          1    ##.....

Your spell library contained the following spells:

 Spells                   Type           Power        Failure   Level  Hunger
 Song of Slaying          Chrm           #.......     13%         2    ###....
 Shroud of Golubria       Chrm/Tloc      #.........   26%         2    ###....
 Regeneration             Chrm/Necr      #.........   45%         3    ####...
 Spectral Weapon          Hex/Chrm       #.......     45%         3    ####...


Dungeon Overview and Level Annotations

Branches:
Dungeon (1/15)

Altars:


Innate Abilities, Weirdness & Mutations

You cannot wear boots.
Your serpentine skin is tough. (AC +1)
You have supernaturally acute eyesight. (SInv)
Armour fits poorly on your strangely shaped body.
Your system is resistant to poisons. (rPois)
You cover ground very slowly.
You have a slow metabolism.
You can spit poison.


Message History

You kill the bat!
You closely miss the rat. The rat bites you.
The dart slug launches a dart at you. The slug dart hits you!
* * * LOW HITPOINT WARNING * * *
You hit the rat but do no damage. The rat barely misses you.
You hit the dart slug.
The dart slug is heavily wounded.
You barely miss the rat. The rat barely misses you.
You hit the dart slug.
The dart slug is almost dead.
You barely miss the rat. The rat bites you.
* * * LOW HITPOINT WARNING * * *
The dart slug launches a dart at you. The slug dart hits you!
* * * LOW HITPOINT WARNING * * *
You hit the dart slug.
You kill the dart slug!
You hit the rat but do no damage. The rat bites you.
You die...

.........##..##..##...##
.........##..##..#......
.....##..##..##..#....##
....+.......##..#......
... ##...#..##..##...#.
#...#.............
#...#.........>...
#...#+###..##.....
#@.........##....)
#..r)................
#....................
+....................
#.....###.##......##.
.......##.##......##.
......................
............##.........
........###.#..###.


You could see a rat.

Vanquished Creatures
  A dart slug (D:1)
  6 bats (D:1)
  A giant cockroach (D:1)
  5 goblins (D:1)
  3 hobgoblins (D:1)
  3 kobolds (D:1)
  A frilled lizard (D:1)
  4 rats (D:1)
24 creatures vanquished.

Notes
Turn   | Place    | Note
-------+----------+-------------------------------------------
     0 | D:1      | Anon1729 the Naga Skald began the quest for the Orb.
     0 | D:1      | Reached XP level 1. HP: 19/19 MP: 3/3
   169 | D:1      | Reached XP level 2. HP: 13/26 MP: 5/5
   224 | D:1      | Reached skill level 1 in Armour
   722 | D:1      | Reached XP level 3. HP: 23/32 MP: 6/6
   857 | D:1      | Slain by a rat

Skill      XL: |  1  2 |
---------------+-------+-----
Armour         | 1 |  1.1
Fighting       | |  2.1
Axes           | |  2.6
Dodging        | |  1.8
Spellcasting   | |  2.1
Charms         | |  3.1

Action                   || total
-------------------------++-------
Melee: Hand axe          ||    67
 Abil: Spit Poison       ||     2
Armor: Leather armour    ||    37
Dodge: Dodged            ||    59
